 Dungeon Crawl Stone Soup version 0.22-a0-192-g6ffc940 (webtiles) character file.

172 b5mith the Skirmisher (level 5, -4/63 HPs)
             Began as a Human Berserker on Feb 16, 2018.
             Was a Believer of Trog.
             Slain by Natasha (7 damage)
             ... on level 2 of the Dungeon.
             The game lasted 00:06:33 (1671 turns).

b5mith the Skirmisher (Human Berserker)             Turns: 1671, Time: 00:06:34

Health: -4/63      AC:  4    Str: 17    XL:     5   Next: 82%
Magic:  5/5        EV: 14    Int:  7    God:    Trog [**....]
Gold:   165        SH:  0    Dex: 23    Spells: 4/4 levels left

rFire    . . .     SeeInvis .   k - +2 mace (protect)
rCold    x . .     Gourm    .   (no shield)
rNeg     . . .     Faith    .   o - +1 leather armour "Boera" {rPois rC- Str-5 Dex+9}
rPois    +         Spirit   .   (no helmet)
rElec    .         Reflect  .   (no cloak)
rCorr    .         Harm     .   (no gloves)
MR       .....                  (no boots)
Stlth    ..........             (no amulet)
HPRegen  0.20/turn              (no ring)
MPRegen  0.09/turn              (no ring)

@: berserking, slowed
A: no striking features
a: Berserk, Trog's Hand, Burn Spellbooks, Renounce Religion


You were on level 2 of the Dungeon.
You worshipped Trog.
Trog was pleased with you.
You were very hungry.

You visited 1 branch of the dungeon, and saw 2 of its levels.

You collected 165 gold pieces.

Inventory:

Hand Weapons
 a - a +0 spear
 k - a +2 mace of protection (weapon)
Missiles
 f - 30 stones (quivered)
 j - 4 javelins
Armour
 b - a +0 animal skin
 o - the +1 leather armour "Boera" (worn) {rPois rC- Str-5 Dex+9}
   (You found it on level 2 of the Dungeon)

   It affects your strength (-5).
   It affects your dexterity (+9).
   It makes you vulnerable to cold.
   It protects you from poison.
Scrolls
 d - 2 scrolls of teleportation {unknown}
 h - 2 scrolls of identify {@r1}
 i - a scroll of noise {unknown}
 n - a scroll of remove curse {@r2}
 p - a scroll of fear {unknown}
Potions
 e - 4 potions of curing {@q1}
 l - a potion of flight {unknown}
 m - 2 potions of mutation {unknown}
 q - 2 potions of lignification {unknown}
Comestibles
 c - 5 rations
 g - 2 chunks of flesh


   Skills:
 + Level 3.9 Fighting
 + Level 3.9 Polearms
 + Level 3.2 Armour
 + Level 3.2 Dodging


You had 4 spell levels left.
You didn't know any spells.

Dungeon Overview and Level Annotations

Branches:
Dungeon (2/15)

Altars:
Uskayaw
Zin

Annotations:
D:2 Natasha


Message History

The white imp closely misses you. Natasha claws you.
* * * LOW HITPOINT WARNING * * *
A red film seems to cover your vision as you go berserk!
You feel yourself moving faster!
You feel mighty!
You are feeling very hungry.
The white imp gestures at you. The puff of frost hits you!
You feel a terrible chill!
* * * LOW HITPOINT WARNING * * *
Natasha stares at you and mumbles some strange words.
The magic dart hits you!
* * * LOW HITPOINT WARNING * * *
You closely miss Natasha.
Natasha is almost dead.
You feel yourself speed up.
Natasha stares at you and mumbles some strange words.
You feel yourself slow down. Natasha closely misses you.
You closely miss Natasha.
Natasha is almost dead.
The crimson imp completely misses you. Natasha claws you!
You die...

#..# ###.# #..
...########
#..#####.#.......
#................
.##+####.#####....######
.......#..(.......#
.......+.(........#
......5#5####...#.######
......h@...##...........
....(.[..#.##.#.........
........................
........................
................#.###...
................#.# ####
.###..........#.#.#
#.#..#.....#.#.######
#..#.....#.........


You could see Natasha, a crimson imp and a white imp.

Vanquished Creatures
  2 crimson imps (D:2)
  Terence (D:2)
  3 adders (D:2)
  A shadow imp (D:2)
  An ooze (D:2)
  A worm (D:2)
  A leopard gecko (D:1)
  A ball python (D:2)
  6 bats
  A giant cockroach (D:1)
  5 goblins
  5 hobgoblins
  4 kobolds (D:1)
  A quokka (D:2)
  2 frilled lizards (D:1)
  7 rats (D:1)
42 creatures vanquished.

Notes
Turn   | Place    | Note
-------+----------+-------------------------------------------
     0 | D:1      | b5mith the Human Berserker began the quest for the Orb.
     0 | D:1      | Reached XP level 1. HP: 18/18 MP: 1/1
   133 | D:1      | Reached XP level 2. HP: 24/24 MP: 2/2
   341 | D:1      | Reached XP level 3. HP: 24/29 MP: 3/3
   837 | D:1      | You fall through a shaft!
   861 | D:2      | Reached ** piety under Trog
  1085 | D:2      | Reached XP level 4. HP: 35/35 MP: 4/4
  1170 | D:2      | Found a hide-covered altar of Uskayaw.
  1172 | D:2      | Found a glowing silver altar of Zin.
  1179 | D:2      | Found a transporter.
  1201 | D:2      | Found a transporter.
  1231 | D:2      | Reached XP level 5. HP: 40/42 MP: 5/5
  1244 | D:2      | Got a transparent leather armour
  1271 | D:2      | Identified the cursed +1 leather armour "Boera" {rPois rC- Str-5 Dex+9} (You found it on level 2 of the Dungeon)
  1286 | D:2      | Noticed Terence
  1307 | D:2      | Killed Terence
  1651 | D:2      | Noticed Natasha
  1669 | D:2      | HP: 2/63 [Natasha/magic dart (3)]
  1671 | D:2      | Slain by Natasha

Vault maps used:
D:1:      dpeg_arrival_snail
D:2:      gammafunk_temple_overflow_arena, uniq_terence, uniq_natasha,
          uniq_crazy_yiuf_cottage

Skill      XL: |  1  2  3  4  5 |
---------------+----------------+-----
Armour         | 3 |  3.2
Dodging        | 3 |  3.2
Fighting       | |  3.9
Polearms       | |  3.9

Action                   |  1- 3 |  4- 6 || total
-------------------------+-------+-------++-------
Melee: Spear             |    67 |       ||    67
       Mace              |    19 |    51 ||    70
Throw: Stone             |    46 |    23 ||    69
Invok: Berserk           |       |     2 ||     2
  Use: Scroll            |     2 |     1 ||     3
 Stab: Sleeping          |     1 |       ||     1
  Eat: Chunk             |     1 |     2 ||     3
Armor: Animal skin       |    21 |     5 ||    26
       Leather armour    |       |     5 ||     5
Dodge: Dodged            |    51 |    48 ||    99

Table legend:
 A = Spawn XP
 B = Non-spawn XP
 C = Spawn XP percentage of total XP
 D = Spawn monster count
 E = Non-spawn monster count
 F = Spawn count percentage of total count
 G = Total turns spent on level
                    A         B        C        D         E        F      G
               +---------+---------+-------+---------+---------+-------+---------
         Total |       0 |     246 |   0.0 |       0 |      42 |   0.0 |  1671
               +---------+---------+-------+---------+---------+-------+---------
           D:1 |       0 |      38 |   0.0 |       0 |      26 |   0.0 |   837
           D:2 |       0 |     208 |   0.0 |       0 |      16 |   0.0 |   834
               +---------+---------+-------+---------+---------+-------+---------
